 Dungeon Crawl Stone Soup version 0.01-2115-ge649c80b0b (webtiles) character file.

Game seed: 12023872941680071325, levelgen mode: deterministic

2893 Lanoc the Cleaver (level 9, -2/118 HPs) Hill Orc Demonspawn. Began on June 10, 2020. Was a Believer of Beogh. Slain by a wolf spider zombie (7 damage) ... on level 4 of the Dungeon. The game lasted 00:11:22 (3166 turns).

Lanoc the Cleaver (Hill Orc Demonspawn)             Turns: 3166, Time: 00:11:23

Health: -2/118     AC: 24    Str: 17    XL:     9 ^: 514
Magic:  15/15      EV:  2    Int: 12    God:    Beogh [**.... (71)]
Gold:   142        SH:  0    Dex: 13    Spells: 10/11 levels left

rFire    . . .     Vision   .   a - +0 war axe
rCold    . . .     Gourm    .   (no weapon)
rNeg     + + +     Faith    .   (armour currently unavailable)
rPois    +         Spirit   .   (helmet currently unavailable)
rElec    .         Reflect  .   (cloak currently unavailable)
rCorr    .         Harm     .   (gloves currently unavailable)
MR       .....     NoTele   +   (boots currently unavailable)
Stlth    ++........             (no amulet)
HPRegen  0.49/turn              (no ring)
MPRegen  0.25/turn              (no ring)

@: tree-form
A: foul stench 1, rot immunity
a: Smiting, Renounce Religion


You were on level 4 of the Dungeon.
You worshipped Beogh.
Beogh was pleased with you.
You were very hungry.
You were a tree.
You visited 2 branches of the dungeon, and saw 5 of its levels.

You collected 142 gold pieces.

Inventory:

Weapons
 a - a +0 war axe (weapon)
 c - a +0 hatchet
Armour
 g - a +0 pair of gloves (melded)
 l - a +0 plate armour (melded)
Wands
 i - a wand of flame (2)
Scrolls
 f - a scroll of enchantment
Potions
 h - a potion of cancellation
Comestibles
 d - 9 rations


   Skills:
 + Level 7.1 Fighting
 * Level 10.6 Axes & Hammers
 + Level 1.7 Armour
 + Level 5.2 Dodging
 - Level 1.5 Stealth
 - Level 1.5 Spellcasting
 + Level 8.3 Invocations


You had 10 spell levels left.
You knew the following spells:

 Your Spells              Type           Power        Failure   Level  Hunger
a - Flame Tongue          Fire           0 (40)       28%         1    ##.....

Your spell library contained the following spells:

 Spells                   Type           Power        Failure   Level  Hunger
 Blink                    Tloc           N/A          41%         2    ###....
 Call Imp                 Summ           0 (100)      41%         2    ###....
 Slow                     Hex            0 (100)      41%         2    ###....
 Conjure Flame            Fire           0 (100)      65%         3    ####...
 Mephitic Cloud           Pois/Air       0 (100)      65%         3    ####...


Dungeon Overview and Level Annotations

Branches:
Dungeon (4/8)              Temple (1/1) D:4

Altars:
Ashenzari
Cheibriados
Elyvilon
Fedhas
Hepliaklqana
Kikubaaqudgha
Makhleb
Nemelex Xobeh
Qazlal
Sif Muna
Uskayaw
Xom
Yredelemnul
Zin
The Shining One

Shops:
D:2 **

Annotations:
D:4 dscm's ghost, amateur FeNo


Innate Abilities, Weirdness & Mutations

((You have sharp fingernails. (+2 Unarmed)))
You may emit foul miasma when damaged in melee.
((You are mostly covered in sharp spines.))
You are immune to rotting.


Message History

* * * LOW HITPOINT WARNING * * *
Unknown command.
Unknown command.
Really quaff the potion of lignification?
You turn into a tree.
Your +0 pair of gloves melds into your body.
Your +0 plate armour melds into your body.
Your roots penetrate the ground.
The wolf spider zombie hits you but does no damage.
The wolf spider zombie bites you but does no damage.
The wolf spider zombie hits you but does no damage.
The wolf spider zombie bites you (5).
* * * LOW HITPOINT WARNING * * *
You hit the wolf spider zombie (4).
The wolf spider zombie is almost destroyed. (15/93) HP You hit the wolf spider zombie (2).
The wolf spider zombie is almost destroyed. (13/93) HP The wolf spider zombie hits you but does no damage.
The wolf spider zombie bites you (7)!
You die...

## ###### #. ....#
#. #...# #. #.⌠.#
##.###...#### #
##......÷....#..
#....⌠..♣..⌠....
#..†††.†Z†.....#
.......###...###...
....... #.⌠.# ..
....... #..†# .
...............
.##......#.......
#..#...#.........
...### ..........


You could see a wolf spider zombie.

Vanquished Creatures
  2 hippogriffs
  Prince Ribbit (D:3)
  A necrophage (D:4)
  An ice beast (D:3)
  2 orc warriors
  3 black bears
  3 ogres (D:3)
  2 big kobolds (D:2)
  3 bullfrogs (D:4)
  A howler monkey (D:3)
  3 scorpions (D:3)
  A crimson imp (D:3)
  4 jellies
  4 orc priests
  2 hounds (D:3)
  2 mummies (D:4)
  An iguana (D:3)
  2 worker ants
  5 orc wizards
  3 bullfrog zombies (D:4)
  A bullfrog skeleton (D:4)
  7 sewer rats (D:2)
  A shadow imp (D:4)
  A white imp (D:3)
  7 adders
  6 cinder newts (D:2)
  A worm (D:2)
  2 worker ant zombies (D:4)
  A killer bee zombie (D:4)
  An ooze (D:2)
  3 leopard geckos
  20 orcs
  5 giant cockroaches
  A goblin (D:1)
  A hobgoblin (D:1)
  4 jackals (D:4)
  4 ball pythons
  A bat (D:2)
  A bat skeleton (D:2)
  14 kobolds
  A leopard gecko skeleton (D:2)
  2 quokka zombies (D:4)
  A rat (D:2)
132 creatures vanquished.

Vanquished Creatures (others)
  A hound (D:3)
  An orc wizard (D:3)
  A cinder newt (D:3)
  2 orcs (D:3)
5 creatures vanquished.

Grand Total: 137 creatures vanquished

Notes
Turn   | Place    | Note
-------+----------+-------------------------------------------
     0 | D:1      | Lanoc the Hill Orc Demonspawn began the quest for the Orb.
     0 | D:1      | Reached XP level 1. HP: 18/18 MP: 3/3
    60 | D:2      | Found Liofuv's Luxury Loot.
    63 | D:2      | Reached skill level 3 in Axes & Hammers
    63 | D:2      | Gained mutation: You are immune to rotting. [demonic
                  | ancestry]
    63 | D:2      | Reached XP level 2. HP: 24/25 MP: 2/4
    74 | D:2      | Gained mutation: You are partially covered in sharp spines.
                  | [demonic ancestry]
    74 | D:2      | Reached XP level 3. HP: 4/31 MP: 1/5
   246 | D:2      | Reached skill level 4 in Axes & Hammers
   251 | D:2      | Gained mutation: You are mostly covered in sharp spines.
                  | [demonic ancestry]
   251 | D:2      | Reached XP level 4. HP: 29/38 MP: 6/6
   464 | D:2      | Reached XP level 5. HP: 39/45 MP: 2/7
   503 | D:2      | Reached skill level 5 in Axes & Hammers
   568 | D:2      | Reached XP level 6. HP: 43/52 MP: 8/8
   604 | D:2      | Reached skill level 6 in Axes & Hammers
   658 | D:2      | Found Wituwk's Mass Market.
   843 | D:3      | Became a worshipper of Beogh the Brigand
   911 | D:3      | Noticed Prince Ribbit
   923 | D:3      | Killed Prince Ribbit
   923 | D:3      | Reached skill level 7 in Axes & Hammers
   923 | D:3      | Gained mutation: You may emit foul miasma when damaged in
                  | melee. [demonic ancestry]
   923 | D:3      | Reached XP level 7. HP: 15/60 MP: 9/9
   948 | D:3      | HP: 2/60 [orc wizard/puff of flame (6)]
  1227 | D:3      | Reached skill level 5 in Fighting
  1293 | D:3      | Reached * piety under Beogh
  1335 | D:3      | Gained mutation: You have sharp fingernails. (+2 Unarmed)
                  | [demonic ancestry]
  1335 | D:3      | Reached XP level 8. HP: 63/68 MP: 9/11
  1368 | D:3      | Reached skill level 8 in Axes & Hammers
  1597 | D:3      | Found a blossoming altar of Fedhas.
  1740 | D:3      | Reached skill level 5 in Invocations
  2028 | D:3      | Reached skill level 9 in Axes & Hammers
  2056 | D:3      | Reached ** piety under Beogh
  2163 | D:3      | Reached XP level 9. HP: 37/75 MP: 12/14
  2586 | D:4      | Noticed dscm's ghost (amateur FeNo)
  2601 | D:3      | Reached skill level 10 in Axes & Hammers
  2601 | D:3      | Reached skill level 5 in Dodging
  2728 | D:4      | Found a staircase to the Ecumenical Temple.
  2731 | Temple   | Entered the Ecumenical Temple
  3149 | D:4      | Reached skill level 1 in Armour
  3165 | D:4      | HP: 5/118 [wolf spider zombie (5)]
  3166 | D:4      | Slain by a wolf spider zombie

Levels and vault maps discovered:
D:1:      wander_arrival_desolate, layout_basic, minmay_split_cup_large
D:2:      layout_sewer, first_ration, minmay_shop_mass, nicolae_alphabet_shops
D:3:      layout_loops_cross, fedhas_altar_2, uniq_prince_ribbit1
D:4:      minmay_ossuary_gauntlet, layout_cave_pools, trog_ov_bears_minmay,
          grunt_gozag_breadcrumbs, minmay_temple_entry_junction,
          ebering_ghost_sewer_f
Temple:   minmay_temple_curvy_branch

Skill      XL: |  1  2  3  4  5  6  7  8  9 |
---------------+----------------------------+-----
Axes & Hammers | 3 4 5 7 9 10 | 10.6
Fighting       | 3 4 5 6 7 |  7.1
Dodging        | 3 4 5 |  5.2
Invocations    | 4 6 8 |  8.3
Armour         | 1 |  1.7
Stealth        | |  1.5
Spellcasting   | |  1.5

Action                   |  1- 3 |  4- 6 |  7- 9 || total
-------------------------+-------+-------+-------++-------
Melee: War axe           |    22 |    75 |   183 ||   280
       Unarmed           |    14 |    54 |   150 ||   218
 Cast: Flame Tongue      |     2 |     3 |       ||     5
Invok: Convert to Beogh  |       |     1 |       ||     1
       Smiting           |       |       |     2 ||     2
  Use: Scroll            |       |       |     1 ||     1
       Potion            |       |       |     1 ||     1
 Stab: Distracted        |       |       |     1 ||     1
  Eat: Chunk             |       |     1 |     7 ||     8
Armor: Chain mail        |     8 |    37 |     4 ||    49
       Leather armour    |       |       |    31 ||    31
       Plate armour      |       |       |    95 ||    95
       Skin              |       |       |     4 ||     4
Dodge: Dodged            |    21 |    40 |   113 ||   174
